 Dungeon Crawl Stone Soup version 0.28-a0-1002-gf00fe891ef (webtiles) character file.

Game seed: 3973227194251508604

2 ytrimaz the Insei (level 1, 11/13 HPs)
             Began as an Octopode Transmuter on Dec 6, 2021.
             Was a Follower of Makhleb.
             Quit the game on level 1 of the Dungeon.
             The game lasted 00:00:19 (63 turns).

ytrimaz the Insei (Octopode Transmuter)               Turns: 63, Time: 00:00:20

Health: 11/13      AC:  1    Str:  9    XL:     1   Next: 40%
Magic:  3/3        EV: 13    Int: 15    God:    Makhleb [*.....]
Gold:   0          SH:  0    Dex: 12    Spells: 3/4 levels left

rFire   . . .      SeeInvis .     - Unarmed
rCold   . . .      Faith    .   (no shield)
rNeg    . . .      Spirit   .   (helmet restricted)
rPois   .          Reflect  .   (no amulet)
rElec   .          Harm     .   (no ring)
rCorr   .          Rampage  .   (no ring)
Will    .....                   (no ring)
Stlth   ++........              (no ring)
HPRegen 0.04/turn               (no ring)
MPRegen 0.08/turn               (no ring)
                                (no ring)
                                (no ring)

@: no status effects
A: almost no armour, amphibious, 8 rings, camouflage 1, gelatinous body 1,
(nimble swimmer 1), tentacles
a: Renounce Religion


You were on level 1 of the Dungeon.
You worshipped Makhleb.
Makhleb was aware of your devotion.
You visited 1 branch of the dungeon, and saw 1 of its levels.

Inventory:

Scrolls
 a - a scroll of silence {unknown}
 b - a scroll of enchant weapon {unknown}


   Skills:
 * Level 1.0 Fighting
 - Level 2.0 Dodging
 + Level 3.0 Unarmed Combat
 * Level 2.0 Spellcasting
 * Level 2.0 Transmutations


You had 3 spell levels left.
You knew the following spells:

 Your Spells              Type           Power      Damage    Failure   Level
a - Beastly Appendage     Tmut           14%        N/A       10%         1

Your spell library contained the following spells:

 Spells                   Type           Power      Damage    Failure   Level
 Wereblood                Tmut           7%         N/A       14%         2
 Foxfire                  Conj/Fire      4%         2x1d4     22%         1
 Spider Form              Tmut/Pois      4%         N/A       41%         3
 Ice Form                 Ice/Tmut       4%         N/A       82%         4


Dungeon Overview and Level Annotations

Branches:
Dungeon (1/15)

Altars:
Makhleb


Innate Abilities, Weirdness & Mutations

You cannot wear most types of armour.
You are amphibious.
You can wear up to eight rings at the same time.
Your skin changes colour to match your surroundings (Stealth+).
Your rubbery body absorbs attacks. (AC +1, EV +1)
((You are camouflaged near water. (Stealth+)))
You have tentacles for arms and can constrict up to eight enemies at once.


Message History

Things that are here:
a +0 whip; 5 stones; a kobold corpse Your tentacle spike disappears.
a - a scroll labelled ZUACAU YCZYS
Found a stone staircase leading down.
Found a faded altar of an unknown god.
b - a scroll labelled EFFUG FESARERPH A kobold comes into view.
It is wielding a +0 dagger.
Found 26 stones.
Okay, then.
A bat and a rat come into view.
The helpless kobold fails to defend itself.
You tentacle-slap the kobold.
You kill the kobold!
You see here a +0 dagger.
The bat is caught in a web!
Press: ? - help, v - describe, . - travel, g - get item Item here: Plato's Disquisition on the Volcanoes.
A faded altar of an unknown god.
The bat pulls away from the web.
The bat misses you.
There is a faded altar of an unknown god here.
You see here Plato's Disquisition on the Volcanoes.
You cannot tell which god this altar belongs to.
Convert to them anyway?
Makhleb accepts your prayer! Makhleb welcomes you!
You can now gain health from killing.
The bat hits you. The bat closely misses you.
You barely miss the bat. Your grab misses the bat.
The bat hits you but does no damage.
The bat is caught in a web!
The bat pulls away from the web.
The bat hits you.
No target in view!
The bat evades a web.
There is a burning altar of Makhleb here.
You see here Plato's Disquisition on the Volcanoes.
You pick up Plato's Disquisition on the Volcanoes and begin reading...
You add the spell Foxfire to your library.
The bat is caught in a web!
The bat struggles to get unstuck from the web. x2
Okay, then.
Are you sure you want to abandon this character and quit the game? (Confirm with "yes".)

#.# .###.# ..# # .
....# ..# #. .##...#
#.# .. P(...# #.#
#b##b..# #.# #.....#
##.# .#
##^..#####.##
...#### #.#.#
#....).....r.
#.....# #.#.#
#@^..#####...
#.#'#.# #.#.#.#P..##
#.#<#.# ##.#.#.##..#
#.#+#.# #...#.#..^.#
#.....# #....#.##..#
...######.....#....#
#..............##..#
..##.#####.#.......#
#.#.## #.#.....###


You could see a bat (webbed).

Vanquished Creatures
  2 kobolds (D:1)
2 creatures vanquished.

Notes
Turn   | Place    | Note
-------+----------+-------------------------------------------
     0 | D:1      | ytrimaz the Octopode Transmuter began the quest for the
                  | Orb.
     0 | D:1      | Reached XP level 1. HP: 13/13 MP: 3/3
    42 | D:1      | Found a faded altar of an unknown god.
    58 | D:1      | Prayed at the altar of an unknown god.
    58 | D:1      | Became a worshipper of Makhleb the Destroyer
    58 | D:1      | Reached * piety under Makhleb
    62 | D:1      | Got Plato's Disquisition on the Volcanoes
    63 | D:1      | Quit the game

Illustrated notes

Levels and vault maps discovered:
D:1:      dpeg_arrival_tiny_d, layout_loops_ring,
          shapermc_ecumenical_altar_rom_forum, kennysheep_small_spiral

Action                   || total
-------------------------++-------
Melee: Unarmed           ||     5
       Constrict         ||     1
       Kick              ||     1
 Cast: Beastly Appendage ||     1
 Stab: Sleeping          ||     1
Armor: Skin              ||     1
Dodge: Dodged            ||     3

Table legend: (Time is in decaauts)
 A = Elapsed time spent in this place.
 B = Non-inter-level travel time spent in this place.
 C = Inter-level travel time spent in this place.
 D = Time resting spent in this place.
 E = Time spent auto-exploring this place.
 F = Levels seen in this place.
 G = Mean time per level.
                   A        B        C        D        E       F      G
               +--------+--------+--------+--------+--------+-----+--------+
         Total |     62 |     62 |      0 |      0 |     30 |   1 |   62.0 |
       Dungeon |     62 |     62 |      0 |      0 |     30 |   1 |   62.0 |
               +--------+--------+--------+--------+--------+-----+--------+

Top non-repeatable levels by time:
     D:1: 62 daAuts
